[Event "Team 45 45 League T29"]
[Site "Internet Chess Club"]
[Date "2005.12.18"]
[Round "1"]
[White "Div-anand"]
[Black "rph"]
[Result "1-0"]
[WhiteElo "1928"]
[BlackElo "1812"]
[TimeControl "2700+45"]

1. e4 c6 2. d4 d5 3. exd5 cxd5 4. c4 Nf6 5. Nc3 e6 6. Nf3 Nc6 7. Bd3 Be7 8. a3
O-O 9. cxd5 exd5 10. h3 Re8 11. O-O a6 12. Bf4 h6 13. Re1 Be6 14. Bc2 Bd6 15.
Be5 b5 16. Qd3 g6 17. Qd2 Kh7 18. Bxd6 Qxd6 19. Ne5 Rac8 20. Rad1 Na5 21. Qf4
Qd8 22. g4 Nc4 23. Nxc4 dxc4 24. d5 Bd7 25. g5 hxg5 26. Qxg5 Kg7 27. Kg2 Rh8 28.
Re3 Rh5 29. Qf4 Bf5 30. Bxf5 Rxf5 31. Qd4 Qd7 32. d6 Qc6+ 33. f3 Rd8 34. Ne4 Rd7
35. Rd2 Qd5 36. Qxf6+ Rxf6 37. Rxd5 Re6 38. Kf2 {Black resigns} 1-0  aics%

[Event "Team 45 45 League T29"]
[Site "Internet Chess Club"]
[Date "2005.12.19"]
[Round "1"]
[White "room-matt"]
[Black "rjml"]
[Result "0-1"]
[WhiteElo "1838"]
[BlackElo "1893"]
[TimeControl "2700+45"]

1. e4 e5 2. Nf3 Nc6 3. Bc4 Nf6 4. Ng5 d5 5. exd5 b5 6. Bxb5 Qxd5 7. Nc3 Qxg2 8.
Qf3 Qxf3 9. Nxf3 Bd7 10. O-O Bd6 11. Bxc6 Bxc6 12. Nxe5 Bxe5 13. Re1 Ne4 14.
Nxe4 O-O-O 15. Ng5 Rde8 16. Kf1 Bxh2 17. Nh3 Rxe1+ 18. Kxe1 Bg2 19. Ng5 Re8+ 20.
Kd1 f6 {White resigns} 0-1  aics%

[Event "Team 45 45 League T29"]
[Site "Internet Chess Club"]
[Date "2005.12.18"]
[Round "1"]
[White "MaunaKeaMike"]
[Black "chessateer"]
[Result "1/2-1/2"]
[WhiteElo "1734"]
[BlackElo "1799"]
[TimeControl "2700+45"]

1. Nf3 Nf6 2. g3 Nc6 3. d4 d5 4. Bg2 Bf5 5. Nh4 Bg4 6. h3 Bd7 7. O-O g6 8. c3
Bg7 9. Nd2 O-O 10. e4 dxe4 11. Nxe4 Nxe4 12. Bxe4 Bxh3 13. Re1 e6 14. Bxc6 bxc6
15. Qf3 Qd5 16. Qf4 g5 17. Qxg5 Qxg5 18. Bxg5 Rab8 19. Kh2 Bg4 20. b3 f6 21. Bd2
e5 22. f3 Bd7 23. dxe5 fxe5 24. Re4 a5 25. Rae1 c5 26. Kg2 a4 27. b4 cxb4 28.
cxb4 Rb5 29. a3 c5 30. bxc5 Rxc5 31. Bb4 Rc2+ 32. R4e2 Rxe2+ 33. Rxe2 Re8 34.
Kf2 Kf7 35. Ng2 Bb5 36. Rc2 Rd8 37. Rc7+ Rd7 38. Rxd7+ Bxd7 39. Ke3 Ke6 40. Ne1
Bh6+ 41. Kf2 Bb5 {Game drawn by mutual agreement} 1/2-1/2  aics%

[Event "Team 45 45 League T29"]
[Site "Internet Chess Club"]
[Date "2005.12.18"]
[Round "1"]
[White "mike0897"]
[Black "Avedldesierto"]
[Result "1-0"]
[WhiteElo "1800"]
[BlackElo "1750"]
[TimeControl "2700+45"]

1. e4 e5 2. Bc4 Nc6 3. d3 d6 4. Nf3 h6 5. O-O Bg4 6. h3 Bh5 7. g4 Bg6 8. Nc3 Qd7
9. Nh4 h5 10. Nxg6 fxg6 11. f4 hxg4 12. Qxg4 Qxg4+ 13. hxg4 Nf6 14. Nb5 Kd7 15.
g5 Nh5 16. fxe5 Nxe5 17. Be6+ Kxe6 18. Nxc7+ Kd7 19. Nxa8 Be7 20. d4 Nc6 21. c3
Rxa8 22. Kg2 Rf8 23. Be3 a6 24. b4 Nd8 25. Rxf8 Bxf8 26. c4 Be7 27. Kf3 Ne6 28.
Kg4 Nc7 29. d5 Na8 30. Rf1 Nc7 31. a4 b5 32. axb5 axb5 33. c5 dxc5 34. bxc5 Na6
35. d6 Bd8 36. Rf7+ Kc6 37. Rf8 Kd7 38. e5 b4 39. e6+ Kxe6 40. Rxd8 b3 41. Bd4
Kd5 42. d7 Kxd4 43. Rf8 {Black resigns} 1-0  aics%

[Event "Team 45 45 League T29"]
[Site "Internet Chess Club"]
[Date "2005.12.18"]
[Round "1"]
[White "forketta"]
[Black "Beats20Cents"]
[Result "1/2-1/2"]
[WhiteElo "1888"]
[BlackElo "1752"]
[TimeControl "2700+45"]

1. d4 Nf6 2. c4 g6 3. Nc3 Bg7 4. e4 d6 5. Nf3 O-O 6. Be2 e5 7. O-O Nc6 8. d5 Ne7
9. b4 Nh5 10. Re1 f5 11. Ng5 Nf6 12. Bf3 c6 13. Bb2 h6 14. Ne6 Bxe6 15. dxe6
fxe4 16. Nxe4 Nxe4 17. Rxe4 Nf5 18. c5 d5 19. Rxe5 Bxe5 20. Bxe5 Qe7 21. Qd2
Qxe6 22. Bb2 Qf7 23. Be2 Kh7 24. Bd3 Rae8 25. a4 Nh4 26. b5 Nxg2 27. Kxg2 Qf3+
28. Kg1 Qg4+ 29. Kf1 Qh3+ 30. Kg1 Qg4+ {Game drawn by mutual agreement} 1/2-1/2 
aics%

[Event "Team 45 45 League T29"]
[Site "Internet Chess Club"]
[Date "2005.12.18"]
[Round "1"]
[White "twinders"]
[Black "crapalot"]
[Result "1-0"]
[WhiteElo "1799"]
[BlackElo "1868"]
[TimeControl "2700+45"]

1. d4 d5 2. c4 e6 3. Nc3 Bb4 4. Nf3 Nf6 5. Bg5 O-O 6. e3 Bxc3+ 7. bxc3 Nbd7 8.
Ne5 h6 9. Bh4 g5 10. Bg3 Ne4 11. Qc2 Qf6 12. cxd5 Nxg3 13. hxg3 Kg7 14. dxe6
Qxe6 15. Bc4 Qf6 16. Ng4 Qg6 17. Qxg6+ fxg6 18. f3 h5 19. Nf2 Nb6 20. Bb3 Bd7
21. Ne4 Rae8 22. Kd2 Rxe4 23. fxe4 Rf2+ 24. Kd3 Rxg2 25. Rhg1 Rf2 26. Raf1 Rxf1
27. Rxf1 Be8 28. e5 h4 29. Rh1 Bf7 30. gxh4 Bxb3 31. axb3 gxh4 32. Rxh4 Nc8 33.
c4 Ne7 34. Ke4 c6 35. Rh1 b6 36. b4 Nf5 37. Ra1 Kh6 38. Kf4 Ne7 39. Rxa7 g5+ 40.
Kg4 {Black resigns} 1-0  aics%

[Event "Team 45 45 League T29"]
[Site "Internet Chess Club"]
[Date "2005.12.17"]
[Round "1"]
[White "burnsja2003"]
[Black "autobot"]
[Result "0-1"]
[WhiteElo "1684"]
[BlackElo "1610"]
[TimeControl "2700+45"]

1. d4 c6 2. c4 d5 3. Nc3 Nf6 4. Nf3 e6 5. Bg5 Be7 6. e3 Nbd7 7. Bd3 b6 8. O-O
Bb7 9. Bxf6 Nxf6 10. Rc1 O-O 11. a3 Rc8 12. h3 h6 13. Qe2 Nd7 14. cxd5 exd5 15.
Bb1 c5 16. Qd3 g6 17. Rfe1 Bf6 18. Ba2 cxd4 19. exd4 Nb8 20. Ne5 Kg7 21. Bb1
Bxe5 22. Rxe5 Nc6 23. Re3 Na5 24. Rg3 Qf6 25. Rf3 Qg5 26. Re1 Nc4 27. Rg3 Qf6
28. Re2 Rfe8 29. Rf3 Qg5 30. h4 Qh5 31. Ba2 Nxb2 32. Rxb2 Re1+ 33. Kh2 Qxh4+ 34.
Rh3 Qf4+ 35. g3 Qc1 36. Rb1 Rh1+ 37. Kg2 Rg1+ 38. Kf3 Qxc3 39. Qxc3 Rxc3+ 40.
Kf4 Rxb1 41. Bxb1 g5+ 42. Ke5 Rxa3 43. Bf5 f6+ 44. Kd6 Rf3 45. Be6 Rxf2 46. Bxd5
Bc8 47. Be6 Bxe6 48. Kxe6 Re2+ 49. Kd6 b5 50. d5 Rd2 51. Kc7 Rxd5 52. g4 a5 53.
Kc6 Re5 54. Kb6 a4 55. Ra3 Kg6 56. Ka5 h5 57. gxh5+ Kxh5 58. Kb4 f5 59. Ra1 g4
60. Rh1+ Kg5 61. Rh8 Kf4 62. Rh4 Kf3 63. Rh5 g3 {White resigns} 0-1  aics%

[Event "Team 45 45 League T29"]
[Site "Internet Chess Club"]
[Date "2005.12.19"]
[Round "1"]
[White "MrKarma"]
[Black "GolferBob"]
[Result "0-1"]
[WhiteElo "1523"]
[BlackElo "1813"]
[TimeControl "2700+45"]

1. d4 Nf6 2. Nc3 d5 3. e4 dxe4 4. f3 exf3 5. Nxf3 Bg4 6. Be2 e6 7. O-O Be7 8.
Ne5 Bxe2 9. Qxe2 O-O 10. Rf4 Nbd7 11. Be3 Nb6 12. Rd1 c6 13. Ng4 Nbd5 14. Nxd5
cxd5 15. Rdf1 Nxg4 16. Rxg4 f5 17. Rg3 Bf6 18. Bh6 Qd7 19. c3 Rac8 20. Qh5 Qf7
21. Qh3 Kh8 22. Bf4 g6 23. Bg5 Rc6 24. Bxf6+ Qxf6 25. Qh6 Qg7 26. Qf4 a5 27.
Rff3 h6 28. Rh3 g5 29. Qe5 Qxe5 30. dxe5 Kg7 31. Rd3 Rc4 32. Rd4 Rfc8 33. Rhd3
Kg6 34. Kf2 f4 35. g3 fxg3+ 36. hxg3 b5 37. a3 h5 38. Kf3 Kf5 39. Rxc4 Rxc4 40.
Re3 g4+ 41. Kg2 Re4 42. Rd3 Kxe5 43. b4 a4 44. Kf2 Kd6 45. Kg2 Re2+ 46. Kf1 Ra2
47. c4 bxc4 48. Rc3 e5 49. Rc1 Rxa3 50. Rb1 Rb3 {White resigns} 0-1  aics%

[Event "Team 45 45 League T29"]
[Site "Internet Chess Club"]
[Date "2005.12.18"]
[Round "1"]
[White "tryany1"]
[Black "Quoyle"]
[Result "0-1"]
[WhiteElo "2129"]
[BlackElo "2467"]
[TimeControl "2700+45"]

1. d4 Nf6 2. c4 Nc6 3. d5 Ne5 4. e4 e6 5. Qd4 Bb4+ 6. Bd2 Bxd2+ 7. Nxd2 d6 8. f4
c5 9. Qc3 Ng6 10. g3 exd5 11. exd5 O-O 12. h3 Re8+ 13. Kf2 b5 14. b3 a5 15. Ngf3
a4 16. Re1 axb3 17. axb3 Rxe1 18. Nxe1 Ra2 19. Bd3 h5 20. Bb1 b4 21. Qc1 Ra7 22.
Ng2 Re7 23. f5 Ne5 24. Ne3 g6 25. Re1 gxf5 26. Nxf5 Bxf5 27. Bxf5 Qf8 28. Nf3
Nxf3 29. Kxf3 Rxe1 30. Qxe1 Qh6 31. Qe3 Qg7 32. h4 Kf8 33. Qg5 Qh8 34. Kg2 Ke7
35. Kh3 Kd8 36. Be4 Ke7 37. Bf3 Qh7 38. Qe3+ Kf8 39. Qg5 Qg6 40. Qxg6 fxg6 41.
g4 hxg4+ 42. Bxg4 Ne4 43. Bd7 Ke7 44. Ba4 Kf6 45. Bd7 Ke5 46. Be8 Nd2 47. Kg4
Nxb3 48. Kg5 Nd4 49. Ba4 Nf3+ 50. Kg4 Nxh4 51. Kxh4 Kd4 52. Kg5 Kxc4 53. Kxg6
Kxd5 54. Kf5 c4 55. Kf4 Kd4 56. Kf3 Kd3 {White resigns} 0-1  aics%

[Event "Team 45 45 League T29"]
[Site "Internet Chess Club"]
[Date "2005.12.19"]
[Round "1"]
[White "phoenix10q72"]
[Black "jonesey"]
[Result "1-0"]
[WhiteElo "2381"]
[BlackElo "2053"]
[TimeControl "2700+45"]

1. e4 e5 2. Bc4 Bc5 3. d3 d6 4. Nc3 Nc6 5. Nge2 Qh4 6. Ng3 Nf6 7. Na4 Na5 8.
Nxc5 Nxc4 9. Nb3 Nb6 10. a4 Be6 11. a5 Nbd7 12. Nd2 Bg4 13. Nf3 Bxf3 14. Qxf3
O-O 15. h3 g6 16. Nf1 Nh5 17. g4 Qf6 18. Qxf6 Nhxf6 19. Ng3 Nc5 20. Bg5 Nfd7 21.
b4 Ne6 22. Bh6 Nd4 23. Kd2 Rfd8 24. Rab1 Nf8 25. c3 Nc6 26. Kc2 Ne6 27. Rhg1 Nf4
28. Nh5 gxh5 29. gxh5+ Kh8 30. Bg7+ Kg8 31. Bxe5+ Ng6 32. Bf6 Re8 33. hxg6 fxg6
34. f4 Kf7 35. Bg5 Rg8 36. Rbf1 Ke6 37. d4 d5 38. f5+ gxf5 39. exf5+ Kf7 40. Bf4
Rxg1 41. Rxg1 Ne7 42. f6 Kxf6 43. Bg5+ {Black resigns} 1-0  aics%

[Event "Team 45 45 League T29"]
[Site "Internet Chess Club"]
[Date "2005.12.15"]
[Round "1"]
[White "virginiaknight"]
[Black "jorobo"]
[Result "1-0"]
[WhiteElo "2041"]
[BlackElo "2109"]
[TimeControl "2700+45"]

1. e4 e6 2. d3 d5 3. Qe2 dxe4 4. dxe4 e5 5. Qb5+ Nd7 6. Bc4 Qh4 7. Qd5 Qh5 8. g4
Qg6 9. Nf3 Ngf6 10. Nxe5 Nxd5 11. Nxg6 N5b6 12. Nxf8 Nf6 13. Bd3 Nxg4 14. Bf4
Kxf8 15. Bxc7 Be6 16. Nd2 Nd7 17. f4 f5 18. Bd6+ Kf7 19. h3 Nh6 20. O-O-O Rac8
21. Nf3 Bxa2 22. Ng5+ Kg8 23. exf5 Nc5 24. Bxc5 Rxc5 25. Bc4+ {Black resigns}
1-0

[Event "Team 45 45 League T29"]
[Site "Internet Chess Club"]
[Date "2005.12.16"]
[Round "1"]
[White "tgralex"]
[Black "ikalel"]
[Result "0-1"]
[WhiteElo "1810"]
[BlackElo "1939"]
[TimeControl "2700+45"]

1. e4 e5 2. f4 exf4 3. Nf3 g5 4. Bc4 g4 5. Ne5 Qh4+ 6. Kf1 Nc6 7. Bxf7+ Kd8 8.
Nxc6+ dxc6 9. Bxg8 Rxg8 10. d4 f3 11. Qd3 Be7 12. Bf4 g3 13. Be5 fxg2+ 14. Kxg2
Bh3+ 15. Kg1 gxh2+ 16. Kxh2 Bf1+ {White resigns} 0-1  aics%

[Event "Team 45 45 League T29"]
[Site "Internet Chess Club"]
[Date "2005.12.16"]
[Round "1"]
[White "akdog3"]
[Black "Cuby"]
[Result "1-0"]
[WhiteElo "2236"]
[BlackElo "2127"]
[TimeControl "2700+45"]

1. Nf3 d6 2. e4 Nf6 3. Nc3 g6 4. d4 Bg7 5. Be3 c6 6. Qd2 b5 7. Bd3 Nbd7 8. Bh6
Bxh6 9. Qxh6 e5 10. O-O Bb7 11. Rfe1 Qe7 12. a4 a6 13. b4 Nh5 14. d5 cxd5 15.
axb5 axb5 16. Rxa8+ Bxa8 17. exd5 Nf4 18. Bxb5 Nxd5 19. Ra1 Nb6 20. Ra7 Qd8 21.
Qg7 Rf8 22. Nxe5 Qg5 23. Rxa8+ {Black resigns} 1-0  aics%

[Event "Team 45 45 League T29"]
[Site "Internet Chess Club"]
[Date "2005.12.16"]
[Round "1"]
[White "Phosphorus"]
[Black "syy89"]
[Result "1-0"]
[WhiteElo "2218"]
[BlackElo "2057"]
[TimeControl "2700+45"]

1. e4 c5 2. Nf3 Nc6 3. d4 cxd4 4. Nxd4 Nf6 5. Nc3 e5 6. Ndb5 d6 7. Bg5 a6 8. Na3
b5 9. Nd5 Be7 10. Bxf6 Bxf6 11. c3 O-O 12. Nc2 Bg5 13. a4 bxa4 14. Rxa4 a5 15.
Bc4 Rb8 16. b3 Kh8 17. O-O g6 18. Qd3 f5 19. Rd1 fxe4 20. Qxe4 Bf5 21. Qe2 e4
22. Nce3 Ne5 23. Rda1 Bh4 24. Nxf5 Rxf5 25. g3 Nf3+ 26. Kh1 Bg5 27. Qxe4 Qf8 28.
Rxa5 Re8 29. Qg4 Ne5 30. Qd1 Rxf2 31. R5a2 Nxc4 32. Qd4+ Rf6 33. Nxf6 Bxf6 34.
Qxc4 Be5 35. Rf1 Qh6 36. Qd3 Qh3 37. Raf2 {Black resigns} 1-0  aics%

[Event "Team 45 45 League T29"]
[Site "Internet Chess Club"]
[Date "2005.12.19"]
[Round "1"]
[White "DTK"]
[Black "baumhauer"]
[Result "1-0"]
[WhiteElo "2096"]
[BlackElo "1851"]
[TimeControl "2700+45"]

1. e4 c5 2. Nf3 e6 3. d3 Nc6 4. g3 g6 5. Bg5 Qb6 6. Na3 Qxb2 7. Nc4 Qc3+ 8. Bd2
Qg7 9. Bg2 b5 10. Ne3 Be7 11. O-O Nh6 12. Qc1 g5 13. Nd5 exd5 14. exd5 Nb4 15.
d6 Bf6 16. Re1+ Kd8 17. Nxg5 Rb8 18. Ne4 Ng8 19. Nxf6 Nxf6 20. Bxb4 cxb4 21. Qe3
Re8 22. Qxa7 Re6 23. Qxb8 Ng4 24. Qc7+ {Black resigns} 1-0  aics%

[Event "Team 45 45 League T29"]
[Site "Internet Chess Club"]
[Date "2005.12.18"]
[Round "1"]
[White "nightflier"]
[Black "azbycx"]
[Result "1-0"]
[WhiteElo "1885"]
[BlackElo "1831"]
[TimeControl "2700+45"]

1. d4 Nf6 2. c4 e6 3. Nf3 b6 4. g3 Ba6 5. b3 Bb4+ 6. Bd2 Be7 7. Bg2 O-O 8. O-O
d5 9. cxd5 exd5 10. Nc3 Nbd7 11. Ne5 Bb7 12. Rc1 c6 13. Nd3 Re8 14. Rc2 Nf8 15.
Bg5 Ne6 16. Bxf6 Bxf6 17. e3 Qd6 18. b4 Ba6 19. a3 Bc4 20. Qd2 b5 21. Ra1 a6 22.
Nb2 Bb3 23. Rcc1 Ng5 24. h4 Ne4 25. Nxe4 dxe4 26. Rc3 Bd5 27. Rac1 Bd8 28. Nd1
Bc7 29. Qb2 Re6 30. R3c2 f5 31. Nc3 Bc4 32. Bf1 Rg6 33. Bxc4+ bxc4 34. Ne2 Bd8
35. Rxc4 Rc8 36. Nf4 Rg4 37. d5 Rxf4 38. exf4 Qxd5 39. Qe5 Qd7 40. Rd4 Qf7 41.
Rxc6 Ra8 42. Rxa6 Rc8 43. Rc6 Ra8 44. Rdc4 Qd7 45. Rc8 Rxa3 46. Rd4 {Black
resigns} 1-0  aics%

[Event "Team 45 45 League T29"]
[Site "Internet Chess Club"]
[Date "2005.12.17"]
[Round "1"]
[White "iwulu"]
[Black "quangliem"]
[Result "0-1"]
[WhiteElo "2328"]
[BlackElo "2357"]
[TimeControl "2700+45"]

1. d4 Nf6 2. Nf3 e6 3. Bg5 Be7 4. e3 d6 5. c4 O-O 6. Nc3 Nbd7 7. Be2 b6 8. O-O
Bb7 9. Qc2 h6 10. Bh4 Re8 11. Rfd1 a6 12. h3 c5 13. Bg3 Qc7 14. Rac1 Rac8 15. d5
exd5 16. cxd5 b5 17. e4 Bf8 18. e5 Nxe5 19. Nxe5 dxe5 20. a4 b4 21. Ne4 Nxe4 22.
Qxe4 g6 23. Bc4 Bd6 24. Qe2 Qb6 25. Qg4 e4 26. Bf4 Kg7 27. Qg3 Rcd8 28. Qe3 Bxf4
29. Qxf4 Qd6 30. Qe3 f5 31. Bb3 Rc8 32. g3 g5 33. Qe2 f4 34. gxf4 gxf4 35. Qg4+
Kh8 36. Kh1 e3 37. fxe3 Rxe3 {White resigns} 0-1  aics%

[Event "Team 45 45 League T29"]
[Site "Internet Chess Club"]
[Date "2005.12.19"]
[Round "1"]
[White "MrPetrov"]
[Black "SkinnyPuppy"]
[Result "1-0"]
[WhiteElo "2216"]
[BlackElo "2176"]
[TimeControl "2700+45"]

1. e4 c5 2. Nc3 e6 3. Nf3 Nc6 4. d4 cxd4 5. Nxd4 Nf6 6. Ndb5 d6 7. Bf4 e5 8. Bg5
a6 9. Na3 b5 10. Bxf6 gxf6 11. Nd5 f5 12. Bxb5 axb5 13. Nxb5 Ra4 14. b4 Rxb4 15.
Nbc7+ Kd7 16. O-O Rxe4 17. Qh5 Nb4 18. Qxf5+ Kc6 19. Qxe4 Nxd5 20. Nxd5 Be6 21.
Rab1 Qa5 22. Ne7+ {Black resigns} 1-0  aics%

[Event "Team 45 45 League T29"]
[Site "Internet Chess Club"]
[Date "2005.12.16"]
[Round "1"]
[White "chesskilleruk"]
[Black "vutru"]
[Result "1-0"]
[WhiteElo "2320"]
[BlackElo "2250"]
[TimeControl "2700+45"]

1. e4 c5 2. Nc3 d6 3. f4 Nc6 4. Nf3 g6 5. Bc4 Bg7 6. O-O e6 7. d3 Nge7 8. Qe1
Nd4 9. Nxd4 cxd4 10. Ne2 O-O 11. Bb3 d5 12. Rf3 dxe4 13. dxe4 b6 14. Bc4 Bb7 15.
Bd3 Rc8 16. Bd2 Re8 17. Rc1 h5 18. Qh4 f5 19. Ng3 Rf8 20. Rf2 Bf6 21. Qh3 h4 22.
Nf1 fxe4 23. Qxe6+ Kg7 24. Bxe4 Bxe4 25. Qxe4 Qd7 26. Qd3 Nf5 27. Re2 Rfd8 28.
Be1 Qc7 29. g3 hxg3 30. hxg3 Qc6 31. g4 Rh8 32. Nh2 Ne3 33. g5 Rh3 34. gxf6+
Qxf6 35. Qe4 Rc5 36. Bb4 Rg3+ 37. Kh1 Rc4 38. Be7 Qf7 39. Bh4 d3 40. Qe5+ Kh7
41. Bxg3 Qb7+ 42. Kg1 Nf5 43. Rg2 d2 44. Rd1 Re4 45. Rgxd2 Rxe5 46. Rd7+ Re7 47.
Rxb7 Rxb7 48. Bf2 Rc7 49. c3 Kh6 50. Kg2 Kh5 51. Kf3 Rf7 52. Ng4 g5 53. Rh1+
Nh4+ 54. Bxh4 Rxf4+ 55. Ke3 Kxg4 56. Bf2 Rf3+ 57. Ke2 Rf7 58. Be3 Rf5 59. Rh7
Ra5 60. a3 Kg3 61. Rg7 g4 62. Kd3 Kf3 63. Rf7+ Kg2 64. Ke4 Rb5 65. b4 a5 66. c4
Rh5 67. Bxb6 axb4 68. axb4 g3 69. Be3 Kh3 70. Kf3 g2 71. Rg7 Rf5+ 72. Bf4 Kh4
73. Rxg2 Kh5 74. Rg5+ {Black resigns} 1-0  aics%

[Event "Team 45 45 League T29"]
[Site "Internet Chess Club"]
[Date "2005.12.19"]
[Round "1"]
[White "adingod"]
[Black "Gregorio"]
[Result "1-0"]
[WhiteElo "2083"]
[BlackElo "2060"]
[TimeControl "2700+45"]

1. d4 Nf6 2. Nf3 d5 3. Bg5 Ne4 4. Bh4 c6 5. e3 Qb6 6. Qc1 Nd7 7. Bd3 e6 8. O-O
f5 9. Nbd2 Bd6 10. c4 Nxd2 11. Qxd2 dxc4 12. Bxc4 Nf8 13. Bg3 Qc7 14. Bxd6 Qxd6
15. Ne5 Ng6 16. Qc3 Ne7 17. Rac1 O-O 18. Bb3 Bd7 19. Qc5 Qxc5 20. dxc5 Bc8 21.
Rcd1 Nd5 22. Rd4 Rd8 23. f3 Rf8 24. e4 Nf4 25. Re1 fxe4 26. fxe4 b6 27. cxb6
axb6 28. g3 Nh3+ 29. Kg2 Ng5 30. h4 Ra5 31. hxg5 Rxe5 32. Rd6 Rc5 33. Re2 Re8
34. Rc2 Rxc2+ 35. Bxc2 Bb7 36. Rd7 Ba8 37. Bb3 c5 38. Kf3 Kf8 39. Rd6 b5 40.
Rxe6 Rd8 41. Ke3 c4 42. Bc2 Rc8 43. Re5 Bc6 44. Rc5 Ke7 45. e5 g6 46. Be4 Bd7
47. Rxc8 Bxc8 48. Kd4 Ke6 49. g4 Bd7 50. Bd5+ Ke7 51. Kc5 Be8 52. e6 {Black
resigns} 1-0  aics%

[Event "Team 45 45 League T29"]
[Site "Internet Chess Club"]
[Date "2005.12.17"]
[Round "1"]
[White "C-Jones"]
[Black "az2112"]
[Result "1-0"]
[WhiteElo "1620"]
[BlackElo "1622"]
[TimeControl "2700+45"]

1. e4 c5 2. Nf3 d6 3. c3 Nf6 4. Qc2 Nc6 5. d4 cxd4 6. cxd4 Bg4 7. Nbd2 Rc8 8.
Bb5 a6 9. Bxc6+ Rxc6 10. Qb3 Qc7 11. O-O g6 12. Re1 Bg7 13. h3 Bc8 14. e5 dxe5
15. Nxe5 Be6 16. Qa3 Rd6 17. Ndf3 O-O 18. Bf4 Nd5 19. Bg3 f5 20. Nxg6 hxg6 21.
Bxd6 exd6 22. Rxe6 Nb6 23. Qxd6 Qxd6 24. Rxd6 Nc4 25. Rd7 Nxb2 26. Rb1 Na4 27.
Rbxb7 Bf6 28. Ra7 Nc3 29. Rxa6 g5 30. Rda7 Ne2+ 31. Kf1 Nxd4 32. Nxd4 Bxd4 33.
Ra8 g4 34. Rxf8+ Kxf8 35. hxg4 fxg4 36. Ra4 {Black resigns} 1-0  aics%

[Event "Team 45 45 League T29"]
[Site "Internet Chess Club"]
[Date "2005.12.17"]
[Round "1"]
[White "qs16"]
[Black "Fegary"]
[Result "1-0"]
[WhiteElo "1630"]
[BlackElo "1642"]
[TimeControl "2700+45"]

1. d4 Nf6 2. Nf3 d6 3. e3 g6 4. Bd3 Bg7 5. Nbd2 a6 6. e4 c5 7. c3 O-O 8. O-O b5
9. Re1 Ra7 10. Nf1 Qb6 11. dxc5 dxc5 12. Be3 Ng4 13. h3 Nxe3 14. Nxe3 Rd7 15.
Qc2 Rfd8 16. Rad1 Nc6 17. Be2 Ne5 18. Nxe5 Bxe5 19. Rd5 Bf4 20. Rxd7 Rxd7 21.
Nd5 Qd6 22. Rd1 Be5 23. Bg4 Rd8 24. Nf6+ Bxf6 25. Rxd6 exd6 26. Bxc8 Rxc8 27.
Qd3 Rc6 28. Qd5 Rb6 29. Qa8+ Kg7 30. Qa7 Bd8 31. Qd7 {Black resigns} 1-0  aics%

[Event "Team 45 45 League T29"]
[Site "Internet Chess Club"]
[Date "2005.12.17"]
[Round "1"]
[White "PostMike"]
[Black "GadsHill"]
[Result "1/2-1/2"]
[WhiteElo "1519"]
[BlackElo "1608"]
[TimeControl "2700+45"]

1. e4 d6 2. d4 Nf6 3. Nc3 Nbd7 4. f4 e5 5. Nf3 exd4 6. Qxd4 c6 7. e5 dxe5 8.
fxe5 Bc5 9. Qh4 Qe7 10. Qg5 O-O 11. Be3 Bxe3 12. Qxe3 Ng4 13. Qf4 Ngxe5 14.
O-O-O Nxf3 15. Qxf3 Nf6 16. h3 Be6 17. Bd3 Qc7 18. g4 b5 19. g5 Nd5 20. Ne2 Nb4
21. a3 Nxd3+ 22. Qxd3 Bc4 23. Qd2 Bxe2 24. Qxe2 Qf4+ 25. Qd2 Qxd2+ 26. Rxd2 Rad8
27. Re1 Rxd2 28. Kxd2 f6 29. Re7 fxg5 30. Rxa7 h5 31. Rc7 Rf6 32. Re7 Kh7 33.
Ke2 Rg6 34. Re4 Rf6 35. h4 g4 36. a4 bxa4 37. Rxa4 Rf3 38. Rc4 Rh3 39. Rxc6 Rxh4
40. Kf2 Rh2+ 41. Kg3 Rh3+ 42. Kg2 h4 43. b4 Re3 44. Rc4 Rg3+ 45. Kh2 Kh6 46. b5
Kh5 47. b6 Re3 48. b7 Re2+ 49. Kg1 Re1+ 50. Kf2 Rb1 51. Rc7 g5 52. Rh7+ Kg6 53.
Rc7 Kf5 54. Rc5+ Kg6 55. Rc6+ Kh5 56. Rc7 h3 57. Kg3 Kg6 58. Rc6+ Kf5 59. Rc5+
Ke4 60. Rxg5 Rxb7 61. Rxg4+ Ke3 62. Kxh3 Rc7 {Game drawn by mutual agreement}
1/2-1/2  aics%

[Event "Team 45 45 League T29"]
[Site "Internet Chess Club"]
[Date "2005.12.18"]
[Round "1"]
[White "Cantemir"]
[Black "kevinfons"]
[Result "1-0"]
[WhiteElo "1702"]
[BlackElo "1432"]
[TimeControl "2700+45"]

1. Nf3 c5 2. c4 Nc6 3. Nc3 d6 4. d4 cxd4 5. Nxd4 e5 6. Nf3 Nf6 7. e3 Be7 8. a3
O-O 9. Bd3 Bg4 10. h3 Bh5 11. g4 Bg6 12. g5 Nd7 13. h4 Nc5 14. Bc2 e4 15. Nd4
Ne5 16. Kf1 Ncd3 17. Nd5 h6 18. Nxe7+ Qxe7 19. gxh6 gxh6 20. Bxd3 Nxd3 21. Qg4
h5 22. Qg2 Qf6 23. Rb1 Kh7 24. Bd2 Rg8 25. Qh2 Bf5 26. Be1 Bg4 27. b4 Bf3 28.
Nxf3 exf3 29. Rd1 Rg2 30. Qh3 Nxe1 31. Rxe1 Rag8 32. b5 R8g4 33. e4 Qf4 34. Re3
Qe5 35. Qxf3 Qa1+ 36. Re1 Qd4 37. Qxf7+ Kh6 38. Qf8+ Kh7 39. Qe7+ Kh6 40. Qf8+
Kh7 41. Qf5+ Kh6 42. Qf3 Qxc4+ 43. Qe2 Qf7 44. Rd1 Qe6 45. Qd2+ Kh7 46. Qxd6
Qc4+ 47. Qd3 Qa2 48. e5+ Rg6 49. Qf3 Qd5 {Black resigns} 1-0  aics%

[Event "Team 45 45 League T29"]
[Site "Internet Chess Club"]
[Date "2005.12.19"]
[Round "1"]
[White "cayo89"]
[Black "GoIrish"]
[Result "0-1"]
[WhiteElo "1703"]
[BlackElo "1580"]
[TimeControl "2700+45"]

1. e4 d6 2. d4 Nf6 3. Nc3 g6 4. Nf3 Bg7 5. Be2 O-O 6. O-O Nbd7 7. e5 dxe5 8.
dxe5 Ng4 9. e6 Ndf6 10. exf7+ Kxf7 11. Ng5+ Ke8 12. Qxd8+ Kxd8 13. Bc4 Ne5 14.
Ne6+ Bxe6 15. Bxe6 Ne8 16. Ne4 a5 17. f4 Nf7 18. Nc5 Bd4+ {White resigns} 0-1 
aics%

[Event "Team 45 45 League T29"]
[Site "Internet Chess Club"]
[Date "2005.12.17"]
[Round "1"]
[White "TheBrewer"]
[Black "crankn8tr"]
[Result "1-0"]
[WhiteElo "1602"]
[BlackElo "1513"]
[TimeControl "2700+45"]

1. d4 Nf6 2. Nf3 g6 3. Bg5 Bg7 4. Nbd2 d6 5. e4 O-O 6. Bd3 h6 7. Bh4 g5 8. Bg3
Nh5 9. c3 Nxg3 10. hxg3 f5 11. Nxg5 hxg5 12. Qh5 e6 13. O-O-O Qe8 14. Qxg5 Kf7
15. exf5 Qe7 16. fxe6+ Qxe6 17. Qh5+ Kf6 18. Qg6+ Ke7 19. Rde1 Be5 20. Rh7+ Rf7
21. Qxf7+ Qxf7 22. Rxf7+ Kxf7 23. dxe5 Be6 24. a3 d5 25. c4 Nd7 26. cxd5 Nc5 27.
dxe6+ Kxe6 28. Bc4+ Ke7 29. b4 Na4 30. Bb3 Nc3 31. Kb2 Nb5 32. Nf3 Rd8 33. Rd1
Rh8 34. a4 Nd6 35. exd6+ cxd6 36. Re1+ Kd7 37. Be6+ Kc7 38. Rc1+ Kb6 39. a5+ Kb5
40. Kb3 b6 41. Bd7+ Ka6 42. Bc8+ Kb5 43. Nd4# {Black checkmated} 1-0  aics%

[Event "Team 45 45 League T29"]
[Site "Internet Chess Club"]
[Date "2005.12.17"]
[Round "1"]
[White "AVEMARIA"]
[Black "fredd"]
[Result "1-0"]
[WhiteElo "1570"]
[BlackElo "1525"]
[TimeControl "2700+45"]

1. e4 e5 2. Nf3 Nc6 3. Bb5 a6 4. Ba4 Nf6 5. O-O Be7 6. Re1 O-O 7. Bxc6 dxc6 8.
d3 Bd6 9. h3 c5 10. Bg5 b6 11. Nbd2 Bb7 12. Nc4 Qe7 13. Nh4 Bc8 14. Nf5 Bxf5 15.
exf5 Rfe8 16. f4 Qd7 17. fxe5 Qxf5 18. Bxf6 gxf6 19. exd6 b5 20. Ne3 Qe5 21.
Qg4+ Kh8 22. Nf5 Rg8 23. Rxe5 Rxg4 24. Re7 Rag8 25. hxg4 {Black resigns} 1-0 
aics%

[Event "Team 45 45 League T29"]
[Site "Internet Chess Club"]
[Date "2005.12.17"]
[Round "1"]
[White "AlPearson"]
[Black "JesterFox"]
[Result "1-0"]
[WhiteElo "1522"]
[BlackElo "1543"]
[TimeControl "2700+45"]

1. e4 c5 2. d4 cxd4 3. c3 dxc3 4. Nxc3 Nc6 5. Nf3 e5 6. Bb5 d6 7. O-O Nf6 8. Bg5
Be7 9. Re1 O-O 10. Rc1 Re8 11. Re2 Bg4 12. Rd2 Qc7 13. h3 Bxf3 14. gxf3 Rad8 15.
Be3 a6 16. Bf1 Qb8 17. Bb6 Rc8 18. h4 Nd8 19. Bh3 Rc6 20. Be3 b5 21. b4 Qc7 22.
Rdc2 a5 23. a3 axb4 24. axb4 Qb7 25. Bf1 Rf8 26. Bxb5 Rxc3 27. Rxc3 Qxb5 28. Qb3
h6 29. Rc7 Nd7 30. Qc4 Qa4 31. b5 Qxc4 32. R1xc4 Bxh4 33. Rxd7 Ne6 34. b6 {Black
resigns} 1-0  aics%